 Dungeon Crawl Stone Soup version 0.31-a0-18-gea43df2a32 (webtiles) character file.

Game seed: 6068528200798258786

653 Dittersdorf the Trooper (level 7, 0/44 HPs)
             Began as a Gargoyle Fighter on May 10, 2023.
             Slain by Pikel
             ... wielding a +2 whip of freezing
              (7 damage)
             ... on level 5 of the Dungeon.
             The game lasted 00:05:32 (3064 turns).

Dittersdorf the Trooper (Gargoyle Fighter)          Turns: 3064, Time: 00:05:32

Health: 0/44       AC: 18    Str: 28    XL:     7   Next: 54%
Magic:  7/7        EV:  8    Int:  8    God:
Gold:   181        SH:  5    Dex:  9    Spells: 6/6 levels left

rFire   . . .        a - +1 flail
rCold   . . .        c - +0 buckler
rNeg    + . .        t - +0 chain mail
rPois   ∞            o - +0 helmet
rElec   +            (no cloak)
rCorr   .            l - +1 pair of gloves
SInv    .            (no boots)
Will    .....        (no amulet) Stlth
                     u - +6 ring of strength
HPRegen 0.27/turn    (no ring)
MPRegen 0.10/turn

%: no passive effects
@: no status effects
A: sickness immunity, AC +4, negative energy resistance 1, electricity
resistance, torment resistance 1, petrification resistance
a: no special abilities


You were on level 5 of the Dungeon.
You visited 1 branch of the dungeon, and saw 5 of its levels.

You collected 181 gold pieces.

Inventory:

Hand Weapons
 a - a +1 flail (weapon)
Armour
 c - a +0 buckler (worn)
 l - a +1 pair of gloves (worn)
 o - a +0 helmet (worn)
 t - a +0 chain mail (worn)
Jewellery
 u - a +6 ring of strength (left hand)
Wands
 b - a wand of light (5)
 v - a wand of roots (1)
Scrolls
 g - a scroll of teleportation
 m - a scroll of poison
 r - a scroll of enchant weapon
Potions
 d - a potion of might
 f - 2 potions of curing
 k - 2 potions of ambrosia {unknown}
 n - a potion of heal wounds
 q - a potion of lignification
 s - a potion of invisibility


   Skills:
 + Level 5.4 Fighting
 + Level 4.3 Maces & Flails
 + Level 5.4 Armour
 + Level 5.4 Shields


You had 6 spell levels left.
You didn't know any spells.
Your spell library contained the following spells:

 Spells                   Type           Power      Damage    Failure   Level
 Foxfire                  Conj/Fire      0%         2x1d4     91%         1
 Shock                    Conj/Air       0%         1d3       91%         1
 Ozocubu's Armour         Ice            0%         N/A       99%         3
 Swiftness                Air            0%         N/A       99%         3
 Airstrike                Air            0%         2d(0-16)  100%        4
 Fireball                 Conj/Fire      0%         3d3       100%        5
 Metabolic Englaciation   Hex/Ice        0%         N/A       100%        5
 Plasma Beam              Fire/Air       0%         2x1d11    100%        6
 Simulacrum               Ice/Necr       0%         N/A       100%        6
 Starburst                Conj/Fire      0%         6d3       100%        6
 Borgnjor's Revivificati  Necr           0%         N/A       100%        8
 Necromutation            Tmut/Necr      0%         N/A       100%        8
 Death's Door             Necr           0%         N/A       100%        9


Dungeon Overview and Level Annotations

Branches:
Dungeon (5/15)
 Temple: D:4-7

Altars:
Vehumet

Shops:
D:4 (

Annotations:
D:5 Pikel


Innate Abilities, Weirdness & Mutations

You are immune to sickness and miasma.
Your stone body is resilient. (AC +4)
You are immune to poison.
You resist negative energy. (rN+)
You are resistant to electric shocks. (rElec)
You are resistant to unholy torment.
You are immune to petrification.


Message History

You are too injured to fight recklessly!
You are too injured to fight recklessly!
You are too injured to fight recklessly!
You are too injured to fight recklessly!
You are too injured to fight recklessly!
You are too injured to fight recklessly!
You are too injured to fight recklessly!
You are too injured to fight recklessly!
You are too injured to fight recklessly!
You are too injured to fight recklessly!
You are too injured to fight recklessly!
You are too injured to fight recklessly!
You are too injured to fight recklessly!
You are too injured to fight recklessly!
You are too injured to fight recklessly!
You are too injured to fight recklessly!
You are too injured to fight recklessly!
You hit Pikel.
Pikel is heavily wounded.
Pikel barely misses you. Pikel closely misses you.
You closely miss Pikel.
Pikel is heavily wounded.
Pikel hits you with a +2 whip of freezing.
Pikel freezes you.
You sock Pikel!
Pikel is severely wounded.
Pikel zaps a wand.
The bolt of light hits you.
* * * LOW HITPOINT WARNING * * *
You barely miss Pikel.
Pikel is severely wounded.
Pikel hits you but does no damage.
You thump Pikel!
Pikel is almost dead.
Pikel zaps a wand.
The bolt of light misses you.
You barely miss Pikel.
Pikel is almost dead.
Pikel zaps a wand.
The bolt of light hits you!
* * * LOW HITPOINT WARNING * * *
Pikel hits you with a +2 whip of freezing!
You die...

*,**,,,*.##.### #.#
*,**,,,,,.....#####.#*******
*,**,,,*,*#.#........,,,,,,*
*,***,**,*#....##*#.#*****,*
*,***,**,*#<....# #.# *,*
*,,,,,,,,*#....####.# *,*
*****,****#.........# *,*
*****,****###.####### *,*
*,,,,,,,,* #@# *,* *,***,**,*
*#K#* *,* *,* *,**,**#555#* *,*
*,***,**,*#.....#* ****,*
*,*,,,**,#...?...#* **,*,,*
****,,,,***5.........#***,,,,,*
,,,,,,,,,,......"....+,,,,,,,****
*****,,,*###.........#***,,,,,,,*
* ***,*** ##.......## **,*,**,*


You could see Pikel and 3 lemures.

Vanquished Creatures
  Sigmund (D:3)
  Menkaure (D:4)
  A lemure (D:5)
  A phantom (D:4)
  A howler monkey (D:4)
  A jelly (D:4)
  Jessica (D:3)
  Natasha (thrice) (D:2)
  Robin (D:2)
  2 adders
  2 worms (D:2)
  A dart slug (D:2)
  14 orcs
  6 ball pythons
  6 endoplasms
  4 giant cockroaches
  13 goblins
  15 hobgoblins
  2 jackals (D:2)
  3 quokkas
  6 bats
  2 kobolds
  4 rats
91 creatures vanquished.

Notes
Turn   | Place    | Note
-------+----------+-------------------------------------------
     0 | D:1      | Dittersdorf the Gargoyle Fighter began the quest for the
                  | Orb.
     0 | D:1      | Reached XP level 1. HP: 14/14 MP: 1/1
   141 | D:1      | Reached XP level 2. HP: 19/19 MP: 2/2
   331 | D:1      | You fall into a shaft and drop 1 floor!
   631 | D:2      | Reached XP level 3. HP: 23/23 MP: 3/3
   768 | D:2      | Noticed Natasha
   771 | D:2      | Killed Natasha
   772 | D:2      | Reached XP level 4. HP: 29/29 MP: 4/4
   897 | D:2      | Noticed Natasha
   907 | D:2      | Killed Natasha
  1147 | D:2      | Noticed Natasha
  1154 | D:2      | Killed Natasha
  1155 | D:2      | Reached XP level 5. HP: 32/33 MP: 5/5
  1242 | D:2      | Noticed Robin
  1342 | D:2      | Killed Robin
  1685 | D:3      | Found a radiant altar of Vehumet.
  1687 | D:3      | Noticed Sigmund
  1699 | D:3      | Killed Sigmund
  1700 | D:3      | Reached XP level 6. HP: 40/40 MP: 6/6
  1790 | D:3      | Noticed Jessica
  1802 | D:3      | Killed Jessica
  2221 | D:4      | Noticed Menkaure
  2250 | D:4      | Reached skill level 5 in Fighting
  2250 | D:4      | Reached skill level 5 in Armour
  2250 | D:4      | Reached skill level 5 in Shields
  2250 | D:4      | Reached XP level 7. HP: 39/44 MP: 7/7
  2261 | D:4      | Killed Menkaure
  2608 | D:4      | Found Sawaoliost's Weapon Shop.
  3017 | D:5      | Entered Level 5 of the Dungeon
  3044 | D:5      | Noticed Pikel
  3064 | D:5      | Slain by Pikel

Illustrated notes

Levels and vault maps discovered:
D:1:      amcnicky_arrival_single_pillar, layout_rooms, minmay_misc_feat_square,
          minmay_split_cup_small
D:2:      layout_rooms, serial_corexii_hall, corexii_hall_statues_x,
          corexii_hall_statues_x, chequers_hall_statues_wall_a,
          chequers_hall_statues_wall_a, minmay_tripent, uniq_robin, uniq_natasha
D:3:      layout_rooms, fiery_altar_vehumet, serial_corexii_hall,
          chequers_hall_statues_y, corexii_hall_statues_i, minivault_4,
          reono_crystal_passage, uniq_sigmund, uniq_jessica
D:4:      layout_loops_cross, nicolae_overflow_hidden_temple, serial_shops,
          shop, minivault_27, st_stairs_4, uniq_menkaure
D:5:      cheibrodos_iron_armory, layout_loops_corners,
          chequers_temple_overflow_statue_of_worship, led_sif_book,
          serial_shops, shop, uniq_pikel

Skill      XL: |  1  2  3  4  5  6  7 |
---------------+----------------------+-----
Fighting       | 4 5 |  5.4
Armour         | 4 5 |  5.4
Shields        | 4 5 |  5.4
Maces & Flails | 3 4 |  4.3

Action                     |  1- 3 |  4- 6 |  7- 9 || total
---------------------------+-------+-------+-------++-------
  Melee: Flail             |    86 |   218 |    71 ||   375
    Use: Scroll            |       |     4 |     8 ||    12
 Armour: Scale mail        |    42 |    75 |       ||   117
         Chain mail        |       |    42 |    30 ||    72
  Dodge: Dodged            |    53 |   115 |    17 ||   185
  Block: Buckler           |    17 |    51 |    15 ||    83

Table legend: (Time is in decaauts)
 A = Elapsed time spent in this place.
 B = Non-inter-level travel time spent in this place.
 C = Inter-level travel time spent in this place.
 D = Time resting spent in this place.
 E = Time spent auto-exploring this place.
 F = Levels seen in this place.
 G = Mean time per level.
                   A        B        C        D        E       F      G
               +--------+--------+--------+--------+--------+-----+--------+
         Total |   3164 |   3083 |     81 |    377 |   1755 |   5 |  632.8 |
       Dungeon |   3164 |   3083 |     81 |    377 |   1755 |   5 |  632.8 |
               +--------+--------+--------+--------+--------+-----+--------+

Top non-repeatable levels by time:
     D:4: 952 daAuts
     D:2: 904 daAuts
     D:3: 738 daAuts
     D:1: 517 daAuts
     D:5: 51 daAuts
